 Dungeon Crawl Stone Soup version 0.23.0-3-gf3c87f2 (webtiles) character file.

Game seed: 3685377587752580118

84 Scud the Vandal (level 4, -1/29 HPs)
             Began as a Halfling Hunter on Feb 23, 2019.
             Slain by Grinder (4 damage)
             ... on level 3 of the Dungeon.
             The game lasted 00:06:29 (1951 turns).

Scud the Vandal (Halfling Hunter)                   Turns: 1951, Time: 00:06:30

Health: -1/29      AC:  3    Str: 13    XL:     4   Next: 74%
Magic:  4/4        EV: 15    Int:  9    God:
Gold:   261        SH:  0    Dex: 15    Spells: 3/3 levels left

rFire    . . .     SeeInvis .   a - +1 hunting sling
rCold    . . .     Gourm    .   (shield restricted)
rNeg     . . .     Faith    .   c - +0 leather armour
rPois    .         Spirit   .   (no helmet)
rElec    .         Reflect  .   (no cloak)
rCorr    .         Harm     .   (no gloves)
MR       .....                  (no boots)
Stlth    ++........             (no amulet)
HPRegen  0.09/turn              (no ring)
MPRegen  0.09/turn              (no ring)

@: no status effects
A: small, mutation resistance 1
a: no special abilities


You were on level 3 of the Dungeon.
You were not hungry.

You visited 1 branch of the dungeon, and saw 3 of its levels.

You collected 261 gold pieces.

Inventory:

Hand Weapons
 a - a +1 hunting sling (weapon)
 b - a +0 short sword
 o - a +0 dagger of speed
Missiles
 d - 12 sling bullets (quivered)
 q - 34 stones
Armour
 c - a +0 leather armour (worn)
Jewellery
 h - an uncursed ring of stealth {unknown}
Scrolls
 g - 4 scrolls of enchant armour {unknown}
 i - a scroll of enchant weapon {unknown}
 k - a scroll of teleportation {unknown}
 l - 4 scrolls of identify {unknown}
 p - 3 scrolls of remove curse {unknown}
 r - a scroll of blinking {unknown}
 s - a scroll of magic mapping {unknown}
Potions
 e - a potion of lignification {unknown}
 j - a potion of ambrosia {unknown}
 m - a potion of degeneration {unknown}
 n - a potion of resistance {unknown}
Comestibles
 f - 4 rations


   Skills:
 + Level 2.1 Fighting
 + Level 7.7 Slings
 + Level 1.1 Armour
 + Level 2.4 Dodging
 + Level 1.1 Stealth


You had 3 spell levels left.
You didn't know any spells.
Your spell library was empty.

Dungeon Overview and Level Annotations

Branches:
Dungeon (3/15)

Altars:
Gozag

Annotations:
D:3 Grinder


Innate Abilities, Weirdness & Mutations

You are small and have problems with some larger weapons.
You are somewhat resistant to further mutation.


Message History

Firing (i - inventory. (/) - cycle)
d - 15 sling bullets (quivered)
Press: ? - help, Shift-Dir - straight line, f/p - Grinder
Aim: Grinder (almost dead)
You shoot a sling bullet. The sling bullet barely misses Grinder.
Grinder misses you.
Firing (i - inventory. (/) - cycle)
d - 14 sling bullets (quivered)
Press: ? - help, Shift-Dir - straight line, f/p - Grinder
Aim: Grinder (almost dead)
You shoot a sling bullet.
The sling bullet closely misses Grinder.
Grinder gestures at you. Pain shoots through your body!
* * * LOW HITPOINT WARNING * * *
Firing (i - inventory. (/) - cycle)
d - 13 sling bullets (quivered)
Press: ? - help, Shift-Dir - straight line, f/p - Grinder
Aim: Grinder (almost dead)
You shoot a sling bullet.
The sling bullet closely misses Grinder.
Grinder hits you.
You die...

......# ....>.# ......#
# .^....######### .###
####..........#####...##
##..................# #
#..................# #
#................... #
###....(((((((@(.(....
###.............5......#
....#..........(........
.####..................#
........######.........#
######...####.........(#
# ##.........(.(..... #
#.####..####((.... #
#.##...# ... .


You could see Grinder.

Vanquished Creatures
  2 adders
  4 worms
  4 dart slugs
  A leopard gecko (D:1)
  7 bats
  3 giant cockroaches
  3 goblins
  3 hobgoblins
  2 jackals (D:2)
  2 ball pythons
  3 frilled lizards
  3 kobolds
  14 rats
  A fungus (D:1)
52 creatures vanquished.

Vanquished Creatures (others)
  3 toadstools (D:1)
3 creatures vanquished.

Grand Total: 55 creatures vanquished

Notes
Turn   | Place    | Note
-------+----------+-------------------------------------------
     0 | D:1      | Scud the Halfling Hunter began the quest for the Orb.
     0 | D:1      | Reached XP level 1. HP: 14/14 MP: 1/1
    74 | D:1      | Reached skill level 6 in Slings
   261 | D:1      | Reached XP level 2. HP: 19/19 MP: 2/2
   898 | D:2      | Found an opulent altar of Gozag.
   951 | D:2      | Reached XP level 3. HP: 24/24 MP: 3/3
  1047 | D:2      | Reached skill level 7 in Slings
  1538 | D:2      | Reached XP level 4. HP: 29/29 MP: 4/4
  1745 | D:3      | Reached skill level 1 in Armour
  1907 | D:3      | Noticed Grinder
  1909 | D:3      | Paralysed by Grinder for 4 turns
  1940 | D:3      | Paralysed by Grinder for 5 turns
  1951 | D:3      | Slain by Grinder

Skill      XL: |  1  2  3  4 |
---------------+-------------+-----
Slings         | 6 7 |  7.7
Fighting       | 2 |  2.1
Armour         | 1 |  1.1
Dodging        | |  2.4
Stealth        | |  1.1

Action                   |  1- 3 |  4- 6 || total
-------------------------+-------+-------++-------
Melee: Short sword       |    18 |       ||    18
 Fire: Hunting sling     |    78 |    80 ||   158
  Eat: Ration            |     1 |       ||     1
       Chunk             |     1 |       ||     1
Armor: Leather armour    |     6 |     7 ||    13
Dodge: Dodged            |     8 |     7 ||    15
